[Event "35th European Club Cup 2019"]
[Site "Ulcinj"]
[Date "2019.11.14"]
[Round "5.30"]
[White "Kosanovic, Goran A"]
[Black "Kaasen, Tor Fredrik"]
[Result "1/2-1/2"]
[ECO "B50"]
[WhiteElo "2313"]
[BlackElo "2405"]
[Annotator "NA"]
[PlyCount "72"]
[EventDate "2019.11.10"]
[EventType "team-tourn"]
[EventCountry "MNE"]
[SourceTitle "playchess.com"]
[Source "ChessBase"]
[SourceQuality "1"]
[WhiteTeam "Sloven Ruma"]
[BlackTeam "Valerenga"]
[TimeControl "40/5400+30:1800+30"]

1. e4 c5 2. Nf3 d6 3. c3 Nf6 4. h3 g6 5. Bd3 Bg7 6. O-O O-O 7. Re1 Nc6 8. Bc2 e5 9. d4 exd4 10. cxd4 cxd4 11. Nxd4 Re8 12. Nxc6 bxc6 13. Nc3 d5 14. Bg5 d4 15. e5 dxc3 16. Qxd8 Rxd8 17. bxc3 Be6 18. exf6 Bh8 19. Bh4 Rd6 20. Red1 Rxd1+ 21. Bxd1 h6 22. f4 Rd8 23. g4 Rd3 24. g5 Rxh3 25. Bf2 Rxc3 26. Bb3 Rf3 27. Bxe6 fxe6 28. Rb1 Rxf4 29. Rb8+ Kh7 30. Rb7+ Kg8 31. gxh6 Bxf6 32. Rxa7 Rg4+ 33. Kh1 Bd4 34. Bxd4 Rxd4 35. Rg7+ Kh8 36. Rxg6 Kh7 1/2-1/2

[Event "35th European Club Cup 2019"]
[Site "Ulcinj"]
[Date "2019.11.14"]
[Round "5.33"]
[White "Brunner, Lucas"]
[Black "Shankland, Sam"]
[Result "0-1"]
[ECO "D45"]
[WhiteElo "2441"]
[BlackElo "2679"]
[Annotator "RC"]
[PlyCount "66"]
[EventDate "2019.11.10"]
[EventType "team-tourn"]
[EventCountry "MNE"]
[SourceTitle "playchess.com"]
[Source "ChessBase"]
[SourceQuality "1"]
[WhiteTeam "Zurich SG"]
[BlackTeam "Alkaloid"]
[TimeControl "40/5400+30:1800+30"]

1. Nf3 d5 2. d4 Nf6 3. c4 e6 4. Nc3 c6 5. e3 Nbd7 6. Qc2 Bd6 7. b3 O-O 8. Be2 b6 9. O-O Bb7 10. Bb2 Qe7 11. Rad1 Rad8 12. Rfe1 Rfe8 13. e4 dxe4 14. Nxe4 Nxe4 15. Qxe4 Bb4 16. Rf1 Nf6 17. Qe3 c5 18. dxc5 Bxc5 19. Qc3 Rxd1 20. Bxd1 Rd8 21. Be2 h6 22. h3 a5 23. Qe5 Bxf3 24. Bxf3 Rd2 25. g3 Qd8 26. Kg2 Qd3 27. Bc1 Nd7 28. Qf4 Rxa2 29. Bc6 g5 30. Qf3 Ne5 31. Qe4 Re2 32. Qxd3 Nxd3 33. Bf3 Ne1+ 0-1

[Event "35th European Club Cup 2019"]
[Site "Ulcinj"]
[Date "2019.11.15"]
[Round "6.1"]
[White "Efimenko, Zahar"]
[Black "Noe, Christopher"]
[Result "1/2-1/2"]
[ECO "A05"]
[WhiteElo "2601"]
[BlackElo "2533"]
[Annotator "ChessBase"]
[PlyCount "62"]
[EventDate "2019.11.10"]
[EventType "team-tourn"]
[EventCountry "MNE"]
[SourceTitle "playchess.com"]
[Source "ChessBase"]
[SourceQuality "1"]
[WhiteTeam "Beer Sheva"]
[BlackTeam "De Sprenger Echternach"]
[TimeControl "40/5400+30:1800+30"]

1. Nf3 Nf6 2. g3 g6 3. Bg2 Bg7 4. O-O O-O 5. c4 c6 6. d4 d5 7. b3 a5 8. Nc3 Ne4 9. Bb2 Bf5 10. e3 Nxc3 11. Bxc3 Be4 12. Qe2 e6 13. Rfc1 Qb6 14. Bf1 Bxf3 15. Qxf3 Nd7 16. Rab1 Rfc8 17. a4 Bf8 18. cxd5 cxd5 19. Bb5 Rc7 20. Bd2 Ba3 21. Rxc7 Qxc7 22. Qd1 Nb8 23. Ra1 Bd6 24. Rc1 Nc6 25. Qc2 Ba3 26. Ra1 Bd6 27. Bxc6 Ra6 28. Qd1 Rxc6 29. Rc1 Rxc1 30. Qxc1 Qxc1+ 31. Bxc1 Bb4 1/2-1/2

[Event "35th European Club Cup 2019"]
[Site "Ulcinj"]
[Date "2019.11.15"]
[Round "6.2"]
[White "Ivic, Velimir"]
[Black "Sprenger, Jan Michael"]
[Result "1/2-1/2"]
[ECO "B41"]
[WhiteElo "2531"]
[BlackElo "2492"]
[Annotator "ChessBase"]
[PlyCount "110"]
[EventDate "2019.11.10"]
[EventType "team-tourn"]
[EventCountry "MNE"]
[SourceTitle "playchess.com"]
[Source "ChessBase"]
[SourceQuality "1"]
[WhiteTeam "Itaka"]
[BlackTeam "LSG IntelliMagic"]
[TimeControl "40/5400+30:1800+30"]

1. e4 c5 2. Nf3 e6 3. d4 cxd4 4. Nxd4 a6 5. c4 Nf6 6. Nc3 Qc7 7. Be2 Bb4 8. Nc2 Bxc3+ 9. bxc3 d6 10. Ba3 Nxe4 11. Qd4 f5 12. Bh5+ Kf8 13. O-O-O Nc6 14. Qe3 Na5 15. Be2 Kf7 16. f3 Nc5 17. Rxd6 Qxd6 18. Bxc5 f4 19. Bxd6 fxe3 20. Bc7 Nc6 21. Nxe3 e5 22. c5 Be6 23. Nc4 Bxc4 24. Bxc4+ Kf6 25. Rd1 Rhe8 26. Rd6+ Ke7 27. Bd3 Rac8 28. Bb6 g6 29. Be4 Rf8 30. Kd2 Rf6 31. Rd3 h6 32. Ke3 Ke6 33. Rd1 h5 34. h4 Ke7 35. a4 Ke6 36. Rd6+ Ke7 37. Rd1 Ke6 38. Ke2 Ke7 39. Rg1 Ke6 40. Rh1 Ke7 41. Ke3 Ke6 42. Kd3 Ke7 43. Rh3 Ke6 44. a5 Ke7 45. Ke3 Ke6 46. Rh1 Ke7 47. Rd1 Ke6 48. Rd2 Ke7 49. Kd3 Ke6 50. Kc4 Ke7 51. Rd1 Rg8 52. Bc7 Rc8 53. Bd6+ Ke6 54. Bd5+ Kf5 55. Be4+ Ke6 1/2-1/2

[Event "35th European Club Cup 2019"]
[Site "Ulcinj"]
[Date "2019.11.15"]
[Round "6.2"]
[White "Wiedenkeller, Michael"]
[Black "Postny, Evgeny"]
[Result "0-1"]
[ECO "A28"]
[WhiteElo "2458"]
[BlackElo "2615"]
[Annotator "ChessBase"]
[PlyCount "70"]
[EventDate "2019.11.10"]
[EventType "team-tourn"]
[EventCountry "MNE"]
[SourceTitle "playchess.com"]
[Source "ChessBase"]
[SourceQuality "1"]
[WhiteTeam "De Sprenger Echternach"]
[BlackTeam "Beer Sheva"]
[TimeControl "40/5400+30:1800+30"]

1. c4 Nf6 2. Nc3 e5 3. Nf3 Nc6 4. e3 Bb4 5. Qc2 Bxc3 6. Qxc3 Qe7 7. d4 Ne4 8. Qd3 exd4 9. Nxd4 O-O 10. Be2 Qb4+ 11. Kf1 Qe7 12. f3 Nc5 13. Qd2 a5 14. b3 d6 15. h4 Ne5 16. Bb2 Bd7 17. Re1 f5 18. Bc3 b6 19. Bd1 Rf7 20. Bc2 Raf8 21. Ne2 b5 22. Nf4 bxc4 23. Bxa5 Bb5 24. Kg1 Ned3 25. Bxd3 Nxd3 26. Nxd3 cxd3 27. Bc3 c5 28. h5 h6 29. Rh3 Re8 30. Qb2 d5 31. Kf2 Qc7 32. Rg3 d4 33. exd4 Rxe1 34. Bxe1 Re7 35. Qa1 d2 0-1

[Event "35th European Club Cup 2019"]
[Site "Ulcinj"]
[Date "2019.11.15"]
[Round "6.2"]
[White "Schreiner, Peter"]
[Black "Cardon, Helmut"]
[Result "1-0"]
[ECO "E04"]
[WhiteElo "2453"]
[BlackElo "2398"]
[Annotator "ChessBase"]
[PlyCount "119"]
[EventDate "2019.11.10"]
[EventType "team-tourn"]
[EventCountry "MNE"]
[SourceTitle "playchess.com"]
[Source "ChessBase"]
[SourceQuality "1"]
[WhiteTeam "Feffernitz"]
[BlackTeam "HWP Sas van Gent"]
[TimeControl "40/5400+30:1800+30"]

1. Nf3 Nf6 2. c4 e6 3. g3 d5 4. d4 dxc4 5. Bg2 a6 6. O-O Nc6 7. Bg5 Rb8 8. Nbd2 b5 9. Ne5 Nxe5 10. dxe5 h6 11. Bc6+ Bd7 12. Bxd7+ Qxd7 13. Bxf6 gxf6 14. Ne4 Be7 15. exf6 Qd5 16. Qc2 Bd8 17. b3 c3 18. Nxc3 Qe5 19. Ne4 Bxf6 20. Nxf6+ Qxf6 21. Qc6+ Kf8 22. Qxa6 Kg7 23. a4 bxa4 24. Rxa4 Rxb3 25. Rg4+ Kh7 26. Qc4 Rc3 27. Qe4+ Qf5 28. Qd4 e5 29. Qxc3 Qxg4 30. Qxe5 Rc8 31. Qc5 Kg7 32. Qc3+ Kg8 33. Qe3 c5 34. Qxh6 Qxe2 35. Qg5+ Kf8 36. Qf6 Qh5 37. Qd6+ Kg8 38. Qd7 Ra8 39. Qc6 Rd8 40. Kg2 Qf5 41. Rc1 Rc8 42. Qf3 Qe6 43. h3 Kf8 44. Qc3 c4 45. Qh8+ Ke7 46. Qd4 f6 47. Rc3 Kf7 48. h4 Rc7 49. Kh2 Kg6 50. Qf4 Rc5 51. Qd4 Rc7 52. Re3 Qc6 53. Qg4+ Kf7 54. h5 c3 55. h6 Kf8 56. Re6 Qd5 57. Rxf6+ Ke8 58. Re6+ Kd8 59. Qg8+ Kd7 60. Qe8# 1-0

[Event "35th European Club Cup 2019"]
[Site "Ulcinj"]
[Date "2019.11.15"]
[Round "6.3"]
[White "Roiz, Michael"]
[Black "Gibicar, Danijel"]
[Result "1/2-1/2"]
[ECO "A05"]
[WhiteElo "2602"]
[BlackElo "2229"]
[Annotator "ChessBase"]
[PlyCount "74"]
[EventDate "2019.11.10"]
[EventType "team-tourn"]
[EventCountry "MNE"]
[SourceTitle "playchess.com"]
[Source "ChessBase"]
[SourceQuality "1"]
[WhiteTeam "Beer Sheva"]
[BlackTeam "De Sprenger Echternach"]
[TimeControl "40/5400+30:1800+30"]

1. Nf3 Nf6 2. g3 g6 3. Bg2 Bg7 4. d4 d6 5. O-O O-O 6. b3 c5 7. c4 Bd7 8. Bb2 cxd4 9. Nxd4 Nc6 10. Nc2 Qa5 11. Nc3 Qh5 12. e4 Qxd1 13. Rfxd1 Rab8 14. h3 Rfc8 15. Rab1 a6 16. Ne3 b5 17. Ncd5 Nxd5 18. exd5 Na7 19. Bxg7 Kxg7 20. Rbc1 bxc4 21. Rxc4 Rxc4 22. Nxc4 Bb5 23. Ne3 a5 24. Bf1 a4 25. Bxb5 Rxb5 26. Rd3 axb3 27. axb3 Nc8 28. Nc4 Nb6 29. Nxb6 Rxb6 30. Kf1 Kf6 31. Rf3+ Kg7 32. Ke2 Rb5 33. Rd3 Kf6 34. Ke3 e6 35. dxe6 fxe6 36. Kd2 d5 37. Rf3+ Ke5 1/2-1/2

[Event "35th European Club Cup 2019"]
[Site "Ulcinj"]
[Date "2019.11.15"]
[Round "6.3"]
[White "Van Haastert, Edwin"]
[Black "Damjanovic, Vuk"]
[Result "1-0"]
[ECO "B12"]
[WhiteElo "2439"]
[BlackElo "2294"]
[Annotator "NA"]
[PlyCount "82"]
[EventDate "2019.11.10"]
[EventType "team-tourn"]
[EventCountry "MNE"]
[SourceTitle "playchess.com"]
[Source "ChessBase"]
[SourceQuality "1"]
[WhiteTeam "LSG IntelliMagic"]
[BlackTeam "Itaka"]
[TimeControl "40/5400+30:1800+30"]

1. e4 c6 2. d4 d5 3. e5 Bf5 4. Nf3 e6 5. Be2 Be7 6. O-O h5 7. c4 g5 8. Be3 Nh6 9. Qb3 g4 10. Nfd2 Qb6 11. Nc3 Bg6 12. c5 Qxb3 13. axb3 Nf5 14. b4 f6 15. exf6 Bxf6 16. Nb3 Nxe3 17. fxe3 Bg5 18. e4 Nd7 19. b5 Rf8 20. Rfd1 Nf6 21. Na5 Nxe4 22. Nxe4 Bxe4 23. Nxb7 Be3+ 24. Kh1 cxb5 25. Nd6+ Ke7 26. Nxe4 dxe4 27. Bxb5 Rfd8 28. Bc6 Rac8 29. Rxa7+ Kf6 30. Rf1+ Kg5 31. Bxe4 Bxd4 32. b4 Bc3 33. c6 Rd4 34. Rg7+ Kh6 35. Rg6+ Kh7 36. Rxe6+ Kg7 37. Re7+ Kg8 38. c7 Bxb4 39. Bf5 Ra8 40. Rd7 Rf4 41. Rd8+ Kg7 1-0

[Event "35th European Club Cup 2019"]
[Site "Ulcinj"]
[Date "2019.11.15"]
[Round "6.3"]
[White "Verstraeten, Rein"]
[Black "Diermair, Andreas"]
[Result "0-1"]
[ECO "E04"]
[WhiteElo "2379"]
[BlackElo "2475"]
[Annotator "ChessBase"]
[PlyCount "40"]
[EventDate "2019.11.10"]
[EventType "team-tourn"]
[EventCountry "MNE"]
[SourceTitle "playchess.com"]
[Source "ChessBase"]
[SourceQuality "1"]
[WhiteTeam "HWP Sas van Gent"]
[BlackTeam "Feffernitz"]
[TimeControl "40/5400+30:1800+30"]

1. d4 Nf6 2. c4 e6 3. Nf3 d5 4. g3 dxc4 5. Bg2 Bb4+ 6. Bd2 a5 7. O-O O-O 8. Bg5 h6 9. Bxf6 Qxf6 10. e3 Nd7 11. Nbd2 e5 12. Nxc4 exd4 13. a3 Be7 14. Nxd4 Ne5 15. Nxe5 Qxe5 16. Rc1 a4 17. Qe2 Rd8 18. Rfd1 Bf6 19. Rc4 c5 20. f4 Qd6 0-1

[Event "35th European Club Cup 2019"]
[Site "Ulcinj"]
[Date "2019.11.15"]
[Round "6.4"]
[White "Danin, Alexandre"]
[Black "Maenhout, Thibaut"]
[Result "1-0"]
[ECO "B54"]
[WhiteElo "2521"]
[BlackElo "2372"]
[Annotator "ChessBase"]
[PlyCount "129"]
[EventDate "2019.11.10"]
[EventType "team-tourn"]
[EventCountry "MNE"]
[SourceTitle "playchess.com"]
[Source "ChessBase"]
[SourceQuality "1"]
[WhiteTeam "Feffernitz"]
[BlackTeam "HWP Sas van Gent"]
[TimeControl "40/5400+30:1800+30"]

1. e4 c5 2. Nf3 d6 3. d4 cxd4 4. Nxd4 Nf6 5. f3 e5 6. Nb3 Nc6 7. c4 a5 8. Be3 a4 9. Nc1 Be7 10. Nc3 Qa5 11. Qd2 a3 12. Nb3 axb2 13. Qxb2 Qd8 14. Be2 O-O 15. O-O Be6 16. Nd5 Nd7 17. Rfd1 b6 18. Qd2 Nc5 19. Rab1 Bxd5 20. cxd5 Nb8 21. Bb5 h6 22. Qc2 Bg5 23. Bf2 g6 24. Nd2 Bxd2 25. Qxd2 Kh7 26. Bc6 Ra6 27. Qe2 Ra7 28. Qb5 Rxa2 29. Qxb6 Nba6 30. Qxd8 Rxd8 31. h3 Kg7 32. Rb6 Kf8 33. Bb5 Rb2 34. Rxa6 Nxa6 35. Bxa6 Ra8 36. Bf1 Raa2 37. Bh4 g5 38. Be1 f6 39. Rc1 Rc2 40. Rxc2 Rxc2 41. Bf2 Rb2 42. h4 Kf7 43. h5 Ke7 44. Bd3 Kd7 45. Bg3 Kc7 46. Bf2 Rb3 47. Ba6 Rb1+ 48. Kh2 Rb2 49. Be1 Kd7 50. Kg3 Rb6 51. Bd3 Rb2 52. Ba5 Ke7 53. Be1 Ke8 54. Ba6 Kd8 55. Kh3 Kd7 56. g3 Rb3 57. Kg4 Ke7 58. Bc8 Kf7 59. Be6+ Ke7 60. Kf5 Rxf3+ 61. Kg6 Re3 62. Bf2 Rf3 63. Kxh6 Rxf2 64. Kg7 f5 65. Bxf5 1-0

[Event "35th European Club Cup 2019"]
[Site "Ulcinj"]
[Date "2019.11.15"]
[Round "6.4"]
[White "Vucinic, Gojko"]
[Black "De Jong, Jan-Willem"]
[Result "0-1"]
[ECO "C58"]
[WhiteElo "2384"]
[BlackElo "2446"]
[Annotator "NA"]
[PlyCount "48"]
[EventDate "2019.11.10"]
[EventType "team-tourn"]
[EventCountry "MNE"]
[SourceTitle "playchess.com"]
[Source "ChessBase"]
[SourceQuality "1"]
[WhiteTeam "Itaka"]
[BlackTeam "LSG IntelliMagic"]
[TimeControl "40/5400+30:1800+30"]

1. e4 e5 2. Nf3 Nc6 3. Bc4 Nf6 4. Ng5 d5 5. exd5 Na5 6. Bb5+ c6 7. dxc6 bxc6 8. Bd3 Nd5 9. Nf3 Bd6 10. O-O O-O 11. Re1 f5 12. Nxe5 Qf6 13. Nf3 g5 14. c3 g4 15. b4 gxf3 16. bxa5 Bxh2+ 17. Kxh2 Qh4+ 18. Kg1 fxg2 19. f4 Nxf4 20. Bc4+ Kh8 21. d4 Nh3+ 22. Kxg2 f4 23. Rf1 f3+ 24. Rxf3 Qg4+ 0-1

[Event "35th European Club Cup 2019"]
[Site "Ulcinj"]
[Date "2019.11.15"]
[Round "6.4"]
[White "Repplinger, Marc"]
[Black "Huzman, Alexander"]
[Result "0-1"]
[ECO "B07"]
[WhiteElo "2211"]
[BlackElo "2577"]
[Annotator "ChessBase"]
[PlyCount "70"]
[EventDate "2019.11.10"]
[EventType "team-tourn"]
[EventCountry "MNE"]
[SourceTitle "playchess.com"]
[Source "ChessBase"]
[SourceQuality "1"]
[WhiteTeam "De Sprenger Echternach"]
[BlackTeam "Beer Sheva"]
[TimeControl "40/5400+30:1800+30"]

1. e4 d6 2. d4 Nf6 3. Nc3 g6 4. g3 Bg7 5. Bg2 O-O 6. Nge2 Nbd7 7. O-O c5 8. h3 Rb8 9. Be3 b6 10. Re1 Bb7 11. d5 a6 12. Qd2 b5 13. Bh6 Bxh6 14. Qxh6 e5 15. g4 Ne8 16. Ng3 Ng7 17. Re3 Kh8 18. Rf3 Nf6 19. Qg5 Ng8 20. Qxd8 Rbxd8 21. a4 b4 22. Nd1 Bc8 23. Ne3 h5 24. gxh5 f5 25. Nc4 f4 26. Nf1 Nf6 27. Nfd2 g5 28. Rd3 Ngxh5 29. Nb6 f3 30. Rxf3 g4 31. Re3 gxh3 32. Bxh3 Rg8+ 33. Kh1 Bg4 34. Bg2 Nf4 35. f3 Bc8 0-1

[Event "35th European Club Cup 2019"]
[Site "Ulcinj"]
[Date "2019.11.15"]
[Round "6.5"]
[White "Mikhalevski, Victor"]
[Black "Gnichtel, Gerd"]
[Result "1-0"]
[ECO "D17"]
[WhiteElo "2570"]
[BlackElo "2134"]
[Annotator "ChessBase"]
[PlyCount "45"]
[EventDate "2019.11.10"]
[EventType "team-tourn"]
[EventCountry "MNE"]
[SourceTitle "playchess.com"]
[Source "ChessBase"]
[SourceQuality "1"]
[WhiteTeam "Beer Sheva"]
[BlackTeam "De Sprenger Echternach"]
[TimeControl "40/5400+30:1800+30"]

1. d4 d5 2. c4 c6 3. Nf3 Nf6 4. Nc3 dxc4 5. a4 Bf5 6. Ne5 Nbd7 7. Nxc4 e6 8. f3 Bb4 9. e4 Bg6 10. Be2 O-O 11. O-O Nb6 12. Ne5 c5 13. Na2 Qe7 14. Nxb4 cxb4 15. Bg5 Nbd7 16. Nxg6 hxg6 17. e5 Nxe5 18. dxe5 Qc5+ 19. Kh1 Qxe5 20. Bxf6 gxf6 21. b3 g5 22. Bc4 Kg7 23. f4 1-0

[Event "35th European Club Cup 2019"]
[Site "Ulcinj"]
[Date "2019.11.15"]
[Round "6.5"]
[White "De Schampheleire, Glen"]
[Black "Sebenik, Matej"]
[Result "0-1"]
[ECO "A04"]
[WhiteElo "2359"]
[BlackElo "2512"]
[Annotator "ChessBase"]
[PlyCount "98"]
[EventDate "2019.11.10"]
[EventType "team-tourn"]
[EventCountry "MNE"]
[SourceTitle "playchess.com"]
[Source "ChessBase"]
[SourceQuality "1"]
[WhiteTeam "HWP Sas van Gent"]
[BlackTeam "Feffernitz"]
[TimeControl "40/5400+30:1800+30"]

1. Nf3 g6 2. c4 Bg7 3. Nc3 Nf6 4. g3 d6 5. Bg2 O-O 6. O-O e5 7. d4 Nbd7 8. Qc2 Re8 9. Rd1 c6 10. b3 a5 11. Ba3 Bf8 12. dxe5 dxe5 13. Bxf8 Kxf8 14. Ng5 Qe7 15. Na4 Nc5 16. Nb6 Ra6 17. Nxc8 Rxc8 18. Qc3 Raa8 19. h4 Re8 20. Bh3 Kg8 21. Qe3 e4 22. Bg2 Qe5 23. Qd4 Qxd4 24. Rxd4 h6 25. Nh3 Red8 26. Rdd1 Kf8 27. Kf1 Ke7 28. e3 Ng4 29. Rd4 f5 30. Rad1 a4 31. Nf4 Ne5 32. b4 Ncd3 33. c5 a3 34. Rd6 Rxd6 35. cxd6+ Kxd6 36. f3 Kc7 37. fxe4 fxe4 38. Bxe4 Nxb4 39. Ne6+ Kb6 40. Rb1 c5 41. Nf4 Kc7 42. Nd5+ Nxd5 43. Bxd5 Nc6 44. Ke2 Nb4 45. Bc4 b5 46. Bxb5 Nxa2 47. Kd3 Nb4+ 48. Kc3 a2 49. Ra1 Ra3+ {[%emt 0:00:08] Kd4} 0-1

[Event "35th European Club Cup 2019"]
[Site "Ulcinj"]
[Date "2019.11.15"]
[Round "6.5"]
[White "Van Wissen, Michiel"]
[Black "Kisic, Jovan"]
[Result "1-0"]
[ECO "B52"]
[WhiteElo "2289"]
[BlackElo "1780"]
[Annotator "NA"]
[PlyCount "67"]
[EventDate "2019.11.10"]
[EventType "team-tourn"]
[EventCountry "MNE"]
[SourceTitle "playchess.com"]
[Source "ChessBase"]
[SourceQuality "1"]
[WhiteTeam "LSG IntelliMagic"]
[BlackTeam "Itaka"]
[TimeControl "40/5400+30:1800+30"]

1. e4 c5 2. Nf3 d6 3. Bb5+ Bd7 4. Bxd7+ Qxd7 5. O-O Nc6 6. c3 Nf6 7. Re1 e6 8. d4 cxd4 9. cxd4 d5 10. e5 Ne4 11. Nc3 Nxc3 12. bxc3 h6 13. Qd3 Be7 14. h4 O-O-O 15. Be3 Na5 16. a4 Kb8 17. Reb1 Nc4 18. a5 Rc8 19. a6 b6 20. Bc1 Rc7 21. h5 Ka8 22. g3 Kb8 23. Kg2 f5 24. exf6 gxf6 25. Qg6 Nd6 26. Bxh6 Nf5 27. Bf4 Bd6 28. Bxd6 Qxd6 29. Qxf6 Rxh5 30. Rh1 Rhh7 31. Rxh7 Rxh7 32. Re1 Re7 33. Qf8+ Kc7 34. Qa8 1-0

[Event "35th European Club Cup 2019"]
[Site "Ulcinj"]
[Date "2019.11.15"]
[Round "6.6"]
[White "Damjanovic, Vladimir"]
[Black "Van Ketel, Raoul"]
[Result "1-0"]
[ECO "D30"]
[WhiteElo "2398"]
[BlackElo "2212"]
[Annotator "NA"]
[PlyCount "104"]
[EventDate "2019.11.10"]
[EventType "team-tourn"]
[EventCountry "MNE"]
[SourceTitle "playchess.com"]
[Source "ChessBase"]
[SourceQuality "1"]
[WhiteTeam "Itaka"]
[BlackTeam "LSG IntelliMagic"]
[TimeControl "40/5400+30:1800+30"]

1. Nf3 Nf6 2. g3 d5 3. Bg2 e6 4. O-O Be7 5. c4 O-O 6. b3 c5 7. Bb2 Nc6 8. cxd5 exd5 9. d4 Bg4 10. Ne5 Be6 11. Nxc6 bxc6 12. dxc5 Bxc5 13. Nc3 Re8 14. Rc1 Rc8 15. Na4 Bf8 16. Qd4 Qa5 17. Nc5 Bf5 18. b4 Qb6 19. Qf4 Be6 20. Bxf6 gxf6 21. a3 Bg7 22. e4 Rcd8 23. Rfd1 Re7 24. exd5 cxd5 25. Rc2 f5 26. Bh3 Qd6 27. Qh4 h6 28. Nd3 d4 29. Rc5 Rde8 30. Bxf5 Bxf5 31. Rxf5 Qe6 32. Qg4 Qb3 33. Nf4 Re1+ 34. Rxe1 Rxe1+ 35. Kg2 Qc4 36. Kh3 Qf1+ 37. Kh4 Qh1 38. h3 Qe4 39. Nh5 Qxg4+ 40. Kxg4 Ra1 41. Nxg7 Kxg7 42. Rf3 Ra2 43. Kf5 Re2 44. g4 f6 45. Rd3 Rxf2+ 46. Ke4 Rc2 47. Kxd4 Rc7 48. b5 Kg6 49. a4 Rc1 50. Ra3 f5 51. gxf5+ Kxf5 52. a5 Ke6 1-0

[Event "35th European Club Cup 2019"]
[Site "Ulcinj"]
[Date "2019.11.15"]
[Round "6.6"]
[White "Pacher, Simon"]
[Black "Piceu, Tom"]
[Result "1/2-1/2"]
[ECO "B98"]
[WhiteElo "2072"]
[BlackElo "2354"]
[Annotator "NA"]
[PlyCount "130"]
[EventDate "2019.11.10"]
[EventType "team-tourn"]
[EventCountry "MNE"]
[SourceTitle "playchess.com"]
[Source "ChessBase"]
[SourceQuality "1"]
[WhiteTeam "Feffernitz"]
[BlackTeam "HWP Sas van Gent"]
[TimeControl "40/5400+30:1800+30"]

1. e4 c5 2. Nf3 d6 3. d4 cxd4 4. Nxd4 Nf6 5. Nc3 a6 6. Bg5 e6 7. f4 Be7 8. Qe2 O-O 9. O-O-O Nbd7 10. g4 Qc7 11. h4 b5 12. a3 Bb7 13. Rh3 Rac8 14. Kb1 Rfe8 15. Re3 Bf8 16. Bxf6 Nxf6 17. g5 Nd7 18. h5 e5 19. fxe5 Nxe5 20. Bh3 Rcd8 21. g6 hxg6 22. hxg6 Nxg6 23. Bf5 Ne5 24. Bh7+ Kxh7 25. Qh5+ Kg8 26. Rh3 f6 27. Nf5 Qc5 28. Rg3 Nf7 29. Nd5 Bxd5 30. Rxg7+ Bxg7 31. Qg6 Ba2+ 32. Kxa2 Qxf5 33. exf5 Ne5 34. Qh5 Re7 35. Rg1 Rc8 36. Qd1 Nf7 37. Qg4 Ng5 38. Qd1 Nf7 39. Qg4 Ne5 40. Qd1 Nc4 41. b3 Ne3 42. Qxd6 Rxc2+ 43. Kb1 Rcc7 44. Qxa6 Nxf5 45. Qxb5 Nd6 46. Qd5+ Nf7 47. b4 Re2 48. Qa8+ Kh7 49. Qf3 Rce7 50. Qf5+ Kh8 51. Qc8+ Re8 52. Qg4 Ng5 53. Qc4 Rh2 54. Qc6 Ree2 55. Rh1 Rb2+ 56. Kc1 Rbc2+ 57. Qxc2 Rxh1+ 58. Kb2 Rh3 59. Ka2 Bf8 60. Qg6 Rf3 61. Kb2 Bg7 62. Qe8+ Kh7 63. Qh5+ Kg8 64. Qe8+ Kh7 65. Qh5+ Kg8 1/2-1/2

[Event "35th European Club Cup 2019"]
[Site "Ulcinj"]
[Date "2019.11.15"]
[Round "6.6"]
[White "Wambach, Patrick"]
[Black "Greenfeld, Alon"]
[Result "0-1"]
[ECO "A09"]
[WhiteElo "1988"]
[BlackElo "2513"]
[Annotator "ChessBase"]
[PlyCount "88"]
[EventDate "2019.11.10"]
[EventType "team-tourn"]
[EventCountry "MNE"]
[SourceTitle "playchess.com"]
[Source "ChessBase"]
[SourceQuality "1"]
[WhiteTeam "De Sprenger Echternach"]
[BlackTeam "Beer Sheva"]
[TimeControl "40/5400+30:1800+30"]

1. Nf3 d5 2. c4 d4 3. d3 Nc6 4. g3 e5 5. Bg2 Bb4+ 6. Bd2 a5 7. O-O Nf6 8. a3 Be7 9. Bg5 O-O 10. Nbd2 a4 11. b4 axb3 12. Qxb3 Nd7 13. Bxe7 Qxe7 14. Rfb1 Nc5 15. Qc2 Ra7 16. a4 Bd7 17. Rb5 Rfa8 18. Ne4 Nxe4 19. dxe4 Nb4 20. Rxb4 Qxb4 21. Nxe5 Rxa4 22. Rxa4 Bxa4 23. Qc1 Be8 24. Bh3 Qc3 25. Qf4 Qe1+ 26. Kg2 Qxe2 27. Bg4 Qc2 28. Bh5 f6 29. Bxe8 Rxe8 30. Nf3 Qxc4 31. Qf5 Qe6 32. Qc5 Qxe4 33. Qxc7 g5 34. h3 h5 35. Qc4+ Kg7 36. Qxd4 g4 37. hxg4 hxg4 38. Qxe4 Rxe4 39. Nd2 Re1 40. Nb3 b5 41. Nd4 b4 42. f3 Rd1 43. Nf5+ Kf8 44. fxg4 b3 0-1

[Event "35th European Club Cup 2019"]
[Site "Ulcinj"]
[Date "2019.11.15"]
[Round "6.7"]
[White "Ivanisevic, Ivan"]
[Black "Kjartansson, Gudmundur"]
[Result "1-0"]
[ECO "D43"]
[WhiteElo "2598"]
[BlackElo "2454"]
[Annotator "ChessBase"]
[PlyCount "51"]
[EventDate "2019.11.10"]
[EventType "team-tourn"]
[EventCountry "MNE"]
[SourceTitle "playchess.com"]
[Source "ChessBase"]
[SourceQuality "1"]
[WhiteTeam "Sloven Ruma"]
[BlackTeam "Reykjavik CC"]
[TimeControl "40/5400+30:1800+30"]

1. d4 d5 2. c4 e6 3. Nc3 c6 4. Nf3 Nf6 5. g3 dxc4 6. Ne5 Nbd7 7. Nxc4 b5 8. Ne3 Bb7 9. Bg2 b4 10. Na4 Rb8 11. O-O c5 12. d5 Nb6 13. Nxb6 axb6 14. dxe6 fxe6 15. Qb3 Qc8 16. Bh3 Kf7 17. Nc4 Bd5 18. Rd1 b5 19. Ne5+ Kg8 20. Rxd5 Nxd5 21. e4 c4 22. Qf3 Nf6 23. Bg5 Be7 24. Rd1 Rb6 25. Bxf6 gxf6 26. Qg4+ 1-0

[Event "35th European Club Cup 2019"]
[Site "Ulcinj"]
[Date "2019.11.15"]
[Round "6.7"]
[White "Draskovic, Luka"]
[Black "Heimann, Andreas"]
[Result "1/2-1/2"]
[ECO "C44"]
[WhiteElo "2460"]
[BlackElo "2617"]
[Annotator "ChessBase"]
[PlyCount "51"]
[EventDate "2019.11.10"]
[EventType "team-tourn"]
[EventCountry "MNE"]
[SourceTitle "playchess.com"]
[Source "ChessBase"]
[SourceQuality "1"]
[WhiteTeam "Crnogorac"]
[BlackTeam "Riehen SG"]
[TimeControl "40/5400+30:1800+30"]

1. e4 e5 2. Nf3 Nc6 3. d4 exd4 4. Nxd4 Nf6 5. Nc3 Bb4 6. Nxc6 bxc6 7. Bd3 d5 8. exd5 O-O 9. O-O cxd5 10. Bg5 c6 11. Qf3 Rb8 12. h3 Bd6 13. b3 h6 14. Bxf6 Qxf6 15. Qxf6 gxf6 16. Ne2 Be6 17. Ng3 c5 18. Rad1 c4 19. Bf5 Rfc8 20. Rfe1 Be5 21. f4 Bxf4 22. Rxe6 fxe6 23. Bxe6+ Kf8 24. Bxc8 cxb3 25. cxb3 Bxg3 26. Be6 1/2-1/2